 Dungeon Crawl Stone Soup version 0.28-a0-1159-g27aa881441 (webtiles) character file.

Game seed: 10215149774571342837

204 BinkBink the Ducker (level 6, -17/47 HPs)
             Began as a Human Monk on Dec 15, 2021.
             Was a Priest of Fedhas.
             Killed from afar by Ijyb (30 damage)
             ... with a bolt of acid
             ... on level 3 of the Dungeon.
             The game lasted 00:03:28 (2515 turns).

BinkBink the Ducker (Human Monk)                    Turns: 2515, Time: 00:03:29

Health: -17/47     AC:  0    Str: 14    XL:     6   Next: 9%
Magic:  6/6        EV: 13    Int: 10    God:    Fedhas [***...]
Gold:   82         SH:  0    Dex: 15    Spells: 5/5 levels left

rFire   . . .      SeeInvis .   i - +2 rapier (venom)
rCold   . . .      Faith    .   (no shield)
rNeg    . . .      Spirit   .   b - +0 robe
rPois   .          Reflect  .   p - +1 hat
rElec   .          Harm     .   (no cloak)
rCorr   .          Rampage  .   (no gloves)
Will    .....                   (no boots)
Stlth   ++........              (no amulet)
HPRegen 0.15/turn               (no ring)
MPRegen 0.10/turn               (no ring)

@: corroded
A: no striking features
a: Renounce Religion, Wall of Briars, Grow Ballistomycete


You were on level 3 of the Dungeon.
You worshipped Fedhas.
Fedhas was most pleased with you.
You visited 1 branch of the dungeon, and saw 3 of its levels.

You collected 82 gold pieces.

Inventory:

Hand Weapons
 a - a +0 short sword
 i - a +2 rapier of venom (weapon)
Armour
 b - a +0 robe (worn)
 p - a +1 hat (worn)
Wands
 o - a wand of flame (19)
 q - a wand of iceblast (3)
Scrolls
 c - 2 scrolls of enchant armour {unknown}
 d - 5 scrolls of identify {unknown}
 h - a scroll of teleportation {unknown}
 j - a scroll of vulnerability {unknown}
 n - a scroll of blinking {unknown}
Potions
 e - a potion of heal wounds {unknown}
 f - a potion of attraction {unknown}
 g - a potion of curing {unknown}
 k - a potion of mutation {unknown}
 l - a potion of ambrosia {unknown}
 m - a potion of degeneration {unknown}


   Skills:
 - Level 3.0 Fighting
 + Level 4.3 Short Blades
 + Level 2.9 Armour
 + Level 4.3 Dodging
 - Level 2.0 Stealth


You had 5 spell levels left.
You didn't know any spells.
Your spell library contained the following spells:

 Spells                   Type           Power      Damage    Failure   Level
 Call Canine Familiar     Summ           0%         N/A       75%         3
 Gell's Gravitas          Tloc           0%         N/A       75%         3
 Portal Projectile        Hex/Tloc       0%         N/A       75%         3
 Teleport Other           Tloc           0%         N/A       75%         3
 Leda's Liquefaction      Hex/Erth       0%         N/A       98%         4
 Dispersal                Tloc           0%         N/A       100%        6


Dungeon Overview and Level Annotations

Branches:
Dungeon (3/15)

Altars:
Fedhas
Wu Jian

Annotations:
D:3 1 runed translucent door, Ijyb


Message History

The jackal barks!
A jackal comes into view.
The jackal bites you but does no damage.
The jackal misses you.
The jackal barks!
You hit the jackal.
The jackal is poisoned.
The jackal is moderately wounded.
You hit the jackal but do no damage.
The jackal is poisoned.
You kill the jackal!
Fedhas appreciates your contribution to the ecosystem.
The jackal closely misses you.
You hit the jackal.
You kill the jackal!
Fedhas appreciates your contribution to the ecosystem.
No target in view!
No target in view!
You see here a +1 hat.
p - a +1 hat You start putting on your armour.
You continue putting on your +1 hat. x4
You finish putting on your +1 hat.
Found a runed translucent door.
Found a stone staircase leading down and a stone staircase leading up.
There is a stone staircase leading down here.
There is a stone staircase leading up here.
There is a stone staircase leading down here.
q - a wand of iceblast (3)
Found a mace.
You see here a +0 mace.
Found a club.
Ijyb the Twisted Goblin comes into view.
She is wielding a +0 club and carrying a wand of acid (8).
Ijyb zaps a wand.
The bolt of acid hits you!!
Ouch! That really hurt!
* * * LOW HITPOINT WARNING * * *
The acid corrodes you!
You are too injured to fight recklessly!
You are too injured to fight recklessly!
Ijyb zaps a wand.
The bolt of acid hits you!!
Ouch! That really hurt!
You die...
Fedhas appreciates your contribution to the ecosystem.

#.# #)...# #.# #.#.##
#.# #.#.# #.#
####.#.# #.# #......#
#.# #.##.###
#######.##### ##.##.#
............###.#.#.#
#.#####@##.....###..#
#.g.....###.....#...#
######### ######.####
###


You could see Ijyb.

Vanquished Creatures
  A howler monkey (D:3)
  Natasha (twice) (D:2)
  Terence (D:3)
  4 adders
  2 dart slugs (D:2)
  An orc (D:3)
  8 bats
  2 endoplasms
  A giant cockroach (D:2)
  5 goblins
  5 hobgoblins
  5 jackals
  5 ball pythons
  A frilled lizard (D:2)
  5 kobolds
  9 rats
57 creatures vanquished.

Notes
Turn   | Place    | Note
-------+----------+-------------------------------------------
     0 | D:1      | BinkBink the Human Monk began the quest for the Orb.
     0 | D:1      | Reached XP level 1. HP: 18/18 MP: 1/1
   287 | D:1      | Reached XP level 2. HP: 22/24 MP: 2/2
   429 | D:1      | Reached skill level 1 in Armour
   501 | D:1      | Found a faded altar of an unknown god.
   567 | D:1      | Prayed at the altar of an unknown god.
   567 | D:1      | Became a worshipper of Fedhas Madash
   567 | D:1      | Reached * piety under Fedhas
   567 | D:1      | Reached ** piety under Fedhas
   628 | D:1      | Reached XP level 3. HP: 29/29 MP: 3/3
   768 | D:1      | Reached *** piety under Fedhas
  1409 | D:2      | Found an ornate altar of the Wu Jian Council.
  1467 | D:2      | Noticed Natasha
  1472 | D:2      | Reached XP level 4. HP: 35/35 MP: 4/4
  1478 | D:2      | Killed Natasha
  1485 | D:2      | Noticed Natasha
  1490 | D:2      | Killed Natasha
  1491 | D:2      | Reached XP level 5. HP: 36/41 MP: 5/5
  1990 | D:3      | Noticed Terence
  2001 | D:3      | Killed Terence
  2197 | D:3      | Reached XP level 6. HP: 38/47 MP: 6/6
  2370 | D:3      | Found a runed translucent door.
  2513 | D:3      | Noticed Ijyb
  2515 | D:3      | Killed from afar by Ijyb

Illustrated notes

Levels and vault maps discovered:
D:1:      dpeg_arrival_windows_large_door, layout_basic,
          shapermc_ecumenical_altar_ellora, hangedman_feature_mirror
D:2:      layout_loops_ring, basic_altar, uniq_natasha
D:3:      layout_loops_ring, ebering_ghost_sewer_f,
          minmay_randomly_rotated_circles, uniq_ijyb, uniq_terence

Skill      XL: |  1  2  3  4  5 |
---------------+----------------+-----
Armour         | 1 2 |  2.9
Dodging        | 4 |  4.3
Short Blades   | 4 |  4.3
Fighting       | |  3.0
Stealth        | |  2.0

Action                   |  1- 3 |  4- 6 || total
-------------------------+-------+-------++-------
Melee: Short sword       |    77 |       ||    77
       Rapier            |    16 |    56 ||    72
 Stab: Sleeping          |     7 |     5 ||    12
       Distracted        |     1 |       ||     1
Armor: Robe              |    31 |     8 ||    39
Dodge: Dodged            |    75 |    36 ||   111

Table legend: (Time is in decaauts)
 A = Elapsed time spent in this place.
 B = Non-inter-level travel time spent in this place.
 C = Inter-level travel time spent in this place.
 D = Time resting spent in this place.
 E = Time spent auto-exploring this place.
 F = Levels seen in this place.
 G = Mean time per level.
                   A        B        C        D        E       F      G
               +--------+--------+--------+--------+--------+-----+--------+
         Total |   2515 |   2450 |     65 |      0 |   1974 |   3 |  838.3 |
       Dungeon |   2515 |   2450 |     65 |      0 |   1974 |   3 |  838.3 |
               +--------+--------+--------+--------+--------+-----+--------+

Top non-repeatable levels by time:
     D:2: 1149 daAuts
     D:1: 777 daAuts
     D:3: 588 daAuts
